 Dungeon Crawl Stone Soup version 0.26-b1-32-g5d43845318 (webtiles) character file.

Game seed: 14727235510380928026

37 Borgoz the Cudgeller (level 3, -4/22 HPs)
             Began as a Gargoyle Gladiator on Jan 11, 2021.
             Slain by Crazy Yiuf
             ... wielding a +3 quarterstaff of chaos
              (7 damage)
             ... on level 2 of the Dungeon.
             The game lasted 00:00:58 (1205 turns).

Borgoz the Cudgeller (Gargoyle Gladiator)           Turns: 1205, Time: 00:00:59

Health: -4/22      AC:  7    Str: 17    XL:     3   Next: 39%
Magic:  3/3        EV: 12    Int:  8    God:
Gold:   103        SH:  0    Dex: 12    Spells: 2/2 levels left

rFire    . . .     SeeInvis .   a - +0 flail
rCold    . . .     Faith    .   (no shield)
rNeg     + . .     Spirit   .   b - +0 leather armour
rPois    ∞         Reflect  .   c - +0 helmet
rElec    +         Harm     .   (no cloak)
rCorr    .         Rampage  .   (no gloves)
Will     .....                  (no boots)
Stlth    +.........             (no amulet)
HPRegen  0.07/turn              (no ring)
MPRegen  0.08/turn              (no ring)

@: attractive
A: negative energy resistance 1, electricity resistance, unbreathing,
petrification resistance, miasma immunity, AC +3
a: no special abilities


You were on level 2 of the Dungeon.
You visited 1 branch of the dungeon, and saw 2 of its levels.

You collected 103 gold pieces.

Inventory:

Hand Weapons
 a - a +0 flail (weapon)
Missiles
 d - 3 throwing nets (quivered)
Armour
 b - a +0 leather armour (worn)
 c - a +0 helmet (worn)
Jewellery
 h - an uncursed amulet of magic regeneration {unknown}
 l - an uncursed ring of magical power {unknown}
Scrolls
 e - 3 scrolls of identify {unknown}
 f - a scroll of amnesia {unknown}
 g - 4 scrolls of remove curse {unknown}
Potions
 i - a potion of curing {unknown}
 j - a potion of attraction
 k - a potion of degeneration {unknown}
 m - a potion of magic {unknown}


   Skills:
 + Level 2.6 Fighting
 * Level 3.6 Maces & Flails
 - Level 1.7 Throwing
 + Level 1.1 Armour
 + Level 2.6 Dodging


You had 2 spell levels left.
You didn't know any spells.
Your spell library was empty.

Dungeon Overview and Level Annotations

Branches:
Dungeon (2/15)

Altars:

Annotations:
D:2 Crazy Yiuf


Innate Abilities, Weirdness & Mutations

You are resistant to torment.
Your stone body is resilient. (AC +3)
You are immune to poison.
You resist negative energy. (rN+)
You are resistant to electric shocks. (rElec)
You can survive without breathing.
You are immune to petrification.
You are immune to miasma.


Message History

There is an open door here.
Found a mace.
Found a glowing mace.
Found a runed translucent door.
No target in view!
No target in view!
No target in view!
Crazy Yiuf shouts!
Found a mace.
Found a mace and a runed mace.
You open the door. You sock Crazy Yiuf!
Crazy Yiuf is heavily wounded.
Crazy Yiuf hits you with a +3 quarterstaff of chaos!
Ouch! That really hurt!
Crazy Yiuf burns you.
* * * LOW HITPOINT WARNING * * *
It was a potion of attraction.
You feel attractive to monsters.
Crazy Yiuf hits you with a +3 quarterstaff of chaos!
You die...

#..... #..... ##....
##... ####'# #.....
### #######.....
#)..### ##..+.##.....
#.).g@####........##+#
#.))##..#........##
### ###.#)..+..##
##########


You could see Crazy Yiuf.

Vanquished Creatures
  A dart slug (D:1)
  5 bats
  A giant cockroach (D:2)
  5 hobgoblins (D:1)
  6 jackals
  A quokka (D:2)
  3 frilled lizards
  A goblin (D:1)
  3 kobolds
  7 rats
33 creatures vanquished.

Vanquished Creatures (others)
  4 toadstools (D:1)
4 creatures vanquished.

Grand Total: 37 creatures vanquished

Notes
Turn   | Place    | Note
-------+----------+-------------------------------------------
     0 | D:1      | Borgoz the Gargoyle Gladiator began the quest for the Orb.
     0 | D:1      | Reached XP level 1. HP: 12/12 MP: 1/1
   212 | D:1      | Reached XP level 2. HP: 18/18 MP: 2/2
   685 | D:1      | Reached skill level 1 in Armour
   768 | D:1      | Reached XP level 3. HP: 22/22 MP: 3/3
  1199 | D:2      | Found a runed translucent door.
  1200 | D:2      | Noticed Crazy Yiuf
  1205 | D:2      | Slain by Crazy Yiuf

Illustrated notes

Levels and vault maps discovered:
D:1:      ldierk_walled_garden_2, layout_loops_ring, serial_bayou_pond_b
D:2:      kennysheep_six_static_rooms, layout_loops_ring, lemuel_round_altar,
          uniq_crazy_yiuf_cottage

Skill      XL: |  1  2 |
---------------+-------+-----
Armour         | 1 |  1.1
Fighting       | |  2.6
Maces & Flails | |  3.6
Throwing       | |  1.7
Dodging        | |  2.6

Action                   || total
-------------------------++-------
Melee: Flail             ||   114
  Use: Potion            ||     1
Armor: Leather armour    ||    71
Dodge: Dodged            ||   101
